 Dungeon Crawl Stone Soup version 0.31-a0-431-g88bdf31460 (webtiles) character file.

Game seed: 1414858583381495231

1 drugrobin the Sneak (level 1, -3/18 HPs)
             Began as a Demigod Delver on Aug 1, 2023.
             Slain by an ogre
             ... wielding a +0 giant club
              (21 damage)
             ... on level 4 of the Dungeon.
             The game lasted 00:02:26 (477 turns).

drugrobin the Sneak (Demigod Delver)                 Turns: 477, Time: 00:02:26

Health: -3/18      AC:  3    Str: 13    XL:     1   Next: 13%
Magic:  3/3        EV: 11    Int: 12    God:
Gold:   11         SH:  0    Dex: 15    Spells: 0/0 levels left

rFire   . . .        a - +0 hand axe
rCold   . . .        (no shield)
rNeg    . . .        b - +0 leather armour
rPois   .            (no helmet)
rElec   .            (no cloak)
rCorr   .            (no gloves)
SInv    .            (no boots)
Will    .....        (no amulet)
Stlth   +++          (no ring)
HPRegen 0.23/turn    (no ring)
MPRegen 0.08/turn

%: no passive effects
@: no status effects
A: high MP 1, forlorn, divine attributes
a: no special abilities


You were on level 4 of the Dungeon.
You visited 1 branch of the dungeon, and saw 3 of its levels.

You collected 11 gold pieces.

Inventory:

Hand Weapons
 a - a +0 hand axe (weapon)
Missiles
 f - 4 poisoned darts
Armour
 b - a +0 leather armour (worn)
Wands
 g - a wand of digging (3)
Scrolls
 c - a scroll of fog
Potions
 d - 2 potions of ambrosia {unknown}


   Skills:
 - Level 2.6 Fighting
 + Level 1.9 Axes
 - Level 1.7 Dodging
 - Level 4.5 Stealth


You couldn't memorise any spells.
You didn't know any spells.
Your spell library was empty.

Dungeon Overview and Level Annotations

Branches:
Dungeon (6/15)
 Temple: D:4-7

Shops:
D:6 !

Annotations:
D:5 3 runed translucent doors
D:6 1 runed translucent door, exclusion: orc warrior, AwFulAwFulPlayer's ghost, novice VSMo


Innate Abilities, Weirdness & Mutations

You have an increased reservoir of magic. (+10% MP)
You shall have no god before yourself.
Your divine heritage dramatically boosts your attributes as you level up.


Message History

You kill the jackal!
A jackal comes into view.
A water moccasin zombie comes into view.
Found a wooden wand.
Unknown command.
HP restored.
Found a runed translucent gate.
Found a glowing pink potion.
d - 2 glowing pink potions (gained 1)
Found a stone staircase leading up.
Found 27 gold pieces and a black potion.
A white imp comes into view.
The white imp shouts, "Escape, thou horrid sheep-biting zombie-fodder!"
You hear a shout!
The white imp hits you. The white imp freezes you.
There is a stone staircase leading up here.
Unknown command.
Unknown command.
The white imp hits you but does no damage.
You climb upwards.
You hear the hiss of flowing sand.
There is an entrance to an ossuary on this level.
Hurry and find it before the portal is buried!
The goblin shouts!
Found a robe.
There is a stone staircase leading down here.
Unknown command.
Unknown command.
As you read the scroll of fear, it crumbles to dust.
You assume a fearsome visage.
The goblin looks frightened!
The white imp looks frightened!
The goblin mumbles, "Of all the rotten luck!"
An ogre comes into view. It is wielding a +0 giant club.
Found 6 gold pieces.
Unknown command.
The ogre attacks as you move away! The ogre barely misses you.
Unknown command.
The ogre attacks as you move away!
The ogre hits you with a +0 giant club!!
Ouch! That really hurt!
You die...

........#.#.#
..........#.#
............#
#+####..#####
#.###...#
##.....#.#
#...####$#
###..## #.#
#.@O.# #..
#..##.# ###
#.. ..# #.#
### #. #. . #


You could see an ogre.

Vanquished Creatures
  A jackal (D:5)
1 creature vanquished.

Notes
Turn   | Place    | Note
-------+----------+-------------------------------------------
     0 | D:5      | drugrobin the Demigod Delver began the quest for the Orb.
     0 | D:5      | Reached XP level 1. HP: 18/18 MP: 3/3
   180 | D:6      | Found Qeotz's Distillery.
   238 | D:6      | Noticed an orc warrior
   267 | D:6      | Noticed an orc wizard
   300 | D:6      | Found a runed translucent door.
   301 | D:6      | Noticed AwFulAwFulPlayer's ghost (novice VSMo)
   302 | D:6      | Noticed a +2 dagger of chaos
   308 | D:6      | Noticed a jelly
   367 | D:5      | Noticed a sleepcap
   403 | D:5      | Noticed a water moccasin zombie
   431 | D:5      | Found a runed translucent gate.
   431 | D:5      | Found a runed translucent gate.
   431 | D:5      | Found a runed translucent gate.
   465 | D:4      | Noticed an ogre
   477 | D:4      | Slain by an ogre

Illustrated notes

Levels and vault maps discovered:
D:4:      layout_basic, enter_ossuary_3, minmay_goblin_outpost
D:5:      layout_basic, nicolae_yredelemnul_corpse_copse, temple_green,
          gammafunk_ghost_necromancy
D:6:      kennysheep_spiral_hall, layout_gridville,
          mainiacjoe_overflow_24_doors, ebering_ghost_xom, serial_shops,
          nicolae_lakefront_shop

Action                     || total
---------------------------++-------
  Melee: Hand axe          ||     7
    Use: Scroll            ||     2
         Potion            ||     1
   Stab: Sleeping          ||     1
 Armour: Leather armour    ||     5
  Dodge: Dodged            ||     5

Table legend: (Time is in decaauts)
 A = Elapsed time spent in this place.
 B = Non-inter-level travel time spent in this place.
 C = Inter-level travel time spent in this place.
 D = Time resting spent in this place.
 E = Time spent auto-exploring this place.
 F = Levels seen in this place.
 G = Mean time per level.
                   A        B        C        D        E       F      G
               +--------+--------+--------+--------+--------+-----+--------+
         Total |    457 |    457 |      0 |      0 |    106 |   3 |  152.3 |
       Dungeon |    457 |    457 |      0 |      0 |    106 |   3 |  152.3 |
               +--------+--------+--------+--------+--------+-----+--------+

Top non-repeatable levels by time:
     D:6: 266 daAuts
     D:5: 172 daAuts
     D:4: 18 daAuts
